 Dungeon Crawl Stone Soup version 0.26-a0-651-gb41185065b (webtiles) character file.

Game seed: 6048816093961112466

57 vurker the Sneak (level 4, 0/32 HPs)
             Began as a Gnoll Enchanter on Oct 12, 2020.
             Slain by a gnoll (4 damage)
             ... on level 1 of the Dungeon.
             The game lasted 00:01:38 (1341 turns).

vurker the Sneak (Gnoll Enchanter)                  Turns: 1341, Time: 00:01:38

Health: 0/32       AC:  2    Str: 10    XL:     4   Next: 0%
Magic:  11/11      EV: 15    Int: 19    God:
Gold:   42         SH:  0    Dex: 15    Spells: 12/13 levels left

rFire    . . .     SeeInvis .   a - +1 dagger
rCold    . . .     Faith    .   (no shield)
rNeg     . . .     Spirit   .   b - +0 robe
rPois    .         Reflect  .   (no helmet)
rElec    .         Harm     .   i - scarf {repulsion}
rCorr    .         Rampage  .   (no gloves)
MR       .....                  (no boots)
Stlth    +++.......             e - amulet of regeneration
HPRegen  0.50/turn              (no ring)
MPRegen  0.12/turn              (no ring)

@: repel missiles
A: distributed training, fangs 1, strong nose
a: no special abilities


You were on level 1 of the Dungeon.
You visited 1 branch of the dungeon, and saw 2 of its levels.

You collected 42 gold pieces.

Inventory:

Hand Weapons
 a - a +1 dagger (weapon)
Armour
 b - a +0 robe (worn)
 i - a scarf of repulsion (worn)
   (You found it on level 2 of the Dungeon)
Jewellery
 e - an amulet of regeneration (around neck)
   (You found it on level 1 of the Dungeon)
Scrolls
 c - a scroll of remove curse {unknown}
 f - 2 scrolls of identify {unknown}
 g - a scroll of blinking {unknown}
Potions
 d - a potion of haste {unknown}
 h - a potion of lignification {unknown}


   Skills:
 + Level 1.0 Fighting
 + Level 2.7 Short Blades
 + Level 1.0 Long Blades
 + Level 1.0 Axes
 + Level 1.0 Maces & Flails
 + Level 1.0 Polearms
 + Level 1.0 Staves
 + Level 1.0 Slings
 + Level 1.0 Bows
 + Level 1.0 Crossbows
 + Level 1.0 Throwing
 + Level 1.0 Armour
 + Level 4.6 Dodging
 + Level 6.0 Stealth
 + Level 1.0 Shields
 + Level 1.0 Unarmed Combat
 + Level 5.0 Spellcasting
 + Level 0.7 Conjurations
 + Level 5.4 Hexes
 + Level 0.7 Summonings
 + Level 0.7 Necromancy
 + Level 0.7 Translocations
 + Level 0.7 Transmutations
 + Level 0.7 Fire Magic
 + Level 0.7 Ice Magic
 + Level 0.7 Air Magic
 + Level 0.7 Earth Magic
 + Level 0.7 Poison Magic
 + Level 1.1 Invocations
 + Level 1.0 Evocations


You had 12 spell levels left.
You knew the following spells:

 Your Spells              Type           Power        Failure   Level
a - Corona                Hex            ####...      1%          1

Your spell library contained the following spells:

 Spells                   Type           Power        Failure   Level
 Confusing Touch          Hex            ####....     4%          3
 Tukima's Dance           Hex            ####....     4%          3
 Ensorcelled Hibernation  Hex/Ice        ###...       5%          2
 Dazzling Flash           Conj/Hex       ###...       11%         3


Dungeon Overview and Level Annotations

Branches:
Dungeon (2/15)

Altars:
Hepliaklqana

Annotations:
D:2 2 transporters


Innate Abilities, Weirdness & Mutations

Your experience applies equally to all skills.
You have very sharp teeth.
Your uncanny sense of smell can sniff out nearby items.


Message History

The gnoll barely misses you.
You hit the gnoll.
You kill the gnoll!
Your Fighting skill increases to level 1!
Your Long Blades skill increases to level 1!
Your Axes skill increases to level 1!
Your Maces & Flails skill increases to level 1!
Your Polearms skill increases to level 1!
Your Staves skill increases to level 1!
Your Slings skill increases to level 1!
Your Bows skill increases to level 1!
Your Crossbows skill increases to level 1!
Your Throwing skill increases to level 1!
Your Armour skill increases to level 1!
Your Shields skill increases to level 1!
Your Unarmed Combat skill increases to level 1!
Your Evocations skill increases to level 1!
You have reached level 4!
You feel clever. The gnoll barely misses you.
Unknown command.
Unknown command.
Unknown command.
Unknown command.
Unknown command.
Unknown command.
Unknown command.
Unknown command.
Unknown command.
Unknown command.
Unknown command.
Unknown command.
Unknown command.
You hit the gnoll but do no damage. The gnoll hits you!
* * * LOW HITPOINT WARNING * * *
You barely miss the gnoll. The gnoll closely misses you.
You closely miss the gnoll. Your bite misses the gnoll. The gnoll hits you.
* * * LOW HITPOINT WARNING * * *
Unknown command.
You completely miss the gnoll. The gnoll hits you.
* * * LOW HITPOINT WARNING * * *
You hit the gnoll. You bite the gnoll, but do no damage.
The gnoll barely misses you.
You hit the gnoll. Your bite misses the gnoll. You hit the gnoll.
You bite the gnoll, but do no damage. The gnoll completely misses you.
You closely miss the gnoll. The gnoll closely misses you.
You hit the gnoll. The gnoll barely misses you.
You closely miss the gnoll. The gnoll hits you.
You die...

#.........# #.#######.# #.#
#.# #.# #.# #.# ##'###########
#.# #............# #.#
#............#
##########.######g...........#
...............)@............#
...........##.###............#
#############.# #............#
......#### #.# #............#
#'####...## #.# #............#
...# ####.###.# #............#
...# ##.##.# #............#
#'########.##.# #...........)#
....##..ยง##.#.#
##############


You could see a gnoll.

Vanquished Creatures
  A gnoll (D:1)
  4 worms (D:2)
  A dart slug (D:1)
  A giant cockroach (D:1)
  5 goblins
  4 hobgoblins
  A quokka (D:2)
  4 bats (D:1)
  3 frilled lizards (D:1)
  6 kobolds
  4 rats
34 creatures vanquished.

Notes
Turn   | Place    | Note
-------+----------+-------------------------------------------
     0 | D:1      | vurker the Gnoll Enchanter began the quest for the Orb.
     0 | D:1      | Reached XP level 1. HP: 13/13 MP: 6/6
   419 | D:1      | Reached XP level 2. HP: 20/20 MP: 7/7
   609 | D:1      | Reached XP level 3. HP: 25/25 MP: 9/9
   768 | D:1      | Reached skill level 5 in Spellcasting
   977 | D:2      | Reached skill level 6 in Stealth
  1058 | D:2      | Found a hazy altar of Hepliaklqana.
  1058 | D:2      | Noticed a centaur
  1059 | D:2      | Found a transporter.
  1068 | D:2      | Reached skill level 1 in Invocations
  1085 | D:2      | Found a transporter.
  1331 | D:1      | Reached skill level 1 in Fighting
  1331 | D:1      | Reached skill level 1 in Long Blades
  1331 | D:1      | Reached skill level 1 in Axes
  1331 | D:1      | Reached skill level 1 in Maces & Flails
  1331 | D:1      | Reached skill level 1 in Polearms
  1331 | D:1      | Reached skill level 1 in Staves
  1331 | D:1      | Reached skill level 1 in Slings
  1331 | D:1      | Reached skill level 1 in Bows
  1331 | D:1      | Reached skill level 1 in Crossbows
  1331 | D:1      | Reached skill level 1 in Throwing
  1331 | D:1      | Reached skill level 1 in Armour
  1331 | D:1      | Reached skill level 1 in Shields
  1331 | D:1      | Reached skill level 1 in Unarmed Combat
  1331 | D:1      | Reached skill level 1 in Evocations
  1331 | D:1      | Reached XP level 4. HP: 10/32 MP: 11/11
  1335 | D:1      | HP: 1/32 [gnoll (3)]
  1341 | D:1      | Slain by a gnoll

Illustrated notes

Levels and vault maps discovered:
D:1:      dpeg_arrival_another_circle, layout_basic
D:2:      layout_basic, lemuel_crystal_altar, gammafunk_temple_overflow_arena

Skill      XL: |  1  2  3 |
---------------+----------+-----
Spellcasting   | 5 |  5.0
Stealth        | 6 |  6.0
Invocations    | 1 |  1.1
Fighting       | 1 |  1.0
Long Blades    | 1 |  1.0
Axes           | 1 |  1.0
Maces & Flails | 1 |  1.0
Polearms       | 1 |  1.0
Staves         | 1 |  1.0
Slings         | 1 |  1.0
Bows           | 1 |  1.0
Crossbows      | 1 |  1.0
Throwing       | 1 |  1.0
Armour         | 1 |  1.0
Shields        | 1 |  1.0
Unarmed Combat | 1 |  1.0
Evocations     | 1 |  1.0
Short Blades   | |  2.7
Dodging        | |  4.6
Conjurations   | |  0.7
Hexes          | |  5.4
Summonings     | |  0.7
Necromancy     | |  0.7
Translocations | |  0.7
Transmutations | |  0.7
Fire Magic     | |  0.7
Ice Magic      | |  0.7
Air Magic      | |  0.7
Earth Magic    | |  0.7
Poison Magic   | |  0.7

Action                   |  1- 3 |  4- 6 || total
-------------------------+-------+-------++-------
Melee: Dagger            |   130 |    10 ||   140
       Bite              |    12 |     2 ||    14
 Stab: Sleeping          |     7 |       ||     7
Armor: Robe              |    15 |       ||    15
Dodge: Dodged            |    80 |     6 ||    86

Table legend: (Time is in decaauts)
 A = Elapsed time spent in this place.
 B = Non-inter-level travel time spent in this place.
 C = Inter-level travel time spent in this place.
 D = Time resting spent in this place.
 E = Time spent auto-exploring this place.
 F = Levels seen in this place.
 G = Mean time per level.
                   A        B        C        D        E       F      G
               +--------+--------+--------+--------+--------+-----+--------+
         Total |   1324 |   1290 |     34 |      0 |   1006 |   2 |  662.0 |
       Dungeon |   1324 |   1290 |     34 |      0 |   1006 |   2 |  662.0 |
               +--------+--------+--------+--------+--------+-----+--------+

Top non-repeatable levels by time:
     D:1: 965 daAuts
     D:2: 359 daAuts
